 Dungeon Crawl Stone Soup version 0.30.0-29-ga12c61a403 (webtiles) character file.

Game seed: 17830984033052392248

13655 croobank the Dealer of Despair (level 11, -2/67 (81) HPs)
             Began as a Demonspawn Fire Elementalist on June 21, 2023.
             Was an Elder of Kikubaaqudgha.
             Slain by a two-headed ogre
             ... wielding a +0 giant club
              (9 damage)
             ... on level 11 of the Dungeon.
             The game lasted 00:53:55 (15685 turns).

croobank the Dealer of Despair (DsFE)              Turns: 15685, Time: 00:53:56

HP:   -2/67 (81)    AC:  6    Str:  8    XL:     11   Next: 78%
MP:   0/21          EV: 15    Int: 20    God:    Kikubaaqudgha [****..]
Gold: 590           SH:  4    Dex: 21    Spells: 8/24 levels left

rFire   . . .        l - +5 dagger (speed)
rCold   . . .        (no shield)
rNeg    . . .        K - +0 troll leather armour
rPois   .            s - +2 hat
rElec   .            (no cloak)
rCorr   .            (no gloves)
SInv    .            (no boots)
Will    .....        f - amulet of guardian spirit
Stlth   +++          H - +6 ring of dexterity
HPRegen 1.11/turn    (no ring)
MPRegen 0.17/turn

%: guardian spirit
@: death channelling, heavily drained
A: large bone plates 1, foul stench 1, spiny 2, weakness stinger 2, mutation
resistance 1
a: Renounce Religion, Unearth Wretches


You were on level 11 of the Dungeon.
You worshipped Kikubaaqudgha.
Kikubaaqudgha was greatly pleased with you.
You visited 1 branch of the dungeon, and saw 11 of its levels.
You also visited: Sewer.

You collected 590 gold pieces.

Inventory:

Hand Weapons
 d - a +0 war axe
 l - a +5 dagger of speed (weapon)
 m - a +1 dagger of venom
 w - a +2 dagger of distortion
 y - a +0 scimitar
 D - a +3 great sword
 I - a +6 morningstar
 N - a +0 double sword
Missiles
 e - 46 poisoned darts
 B - 2 curare-tipped darts
 G - a throwing net
Armour
 a - a +0 robe
 b - a +0 kite shield
 s - a +2 hat (worn)
 u - a +0 leather armour
 F - a +1 leather armour of positive energy
 K - a +0 troll leather armour (worn)
Magical Staves
 k - a staff of poison
 t - a staff of air
Jewellery
 f - an amulet of guardian spirit (around neck)
 v - a ring of protection from cold
 H - a +6 ring of dexterity (left hand)
Wands
 c - a wand of acid (2)
Scrolls
 i - 3 scrolls of fog
 n - 2 scrolls of magic mapping
 q - 2 scrolls of vulnerability
 x - 2 scrolls of immolation
 z - 3 scrolls of teleportation
 J - 2 scrolls of poison
 M - a scroll of torment {unknown}
Potions
 g - a potion of ambrosia
 h - 4 potions of attraction
 j - 3 potions of mutation
 o - 3 potions of lignification
 p - 4 potions of curing
 r - 2 potions of heal wounds
 A - 4 potions of resistance
 C - a potion of cancellation
 E - a potion of brilliance
 O - a potion of haste
Miscellaneous
 L - a box of beasts (inert)


   Skills:
 + Level 5.8 Fighting
 - Level 3.0 Armour
 + Level 6.0 Dodging
 + Level 6.2 Stealth
 * Level 7.2 Spellcasting
 + Level 6.1 Conjurations
 + Level 14.4 Necromancy
 - Level 2.6 Fire Magic


You had 8 spell levels left.
You knew the following spells:

 Your Spells              Type           Power      Damage    Failure   Level
a - Foxfire               Conj/Fire      96%        2x1d8     2%          1
b - Scorch                Fire           36%        2d6       6%          2
c - Kiss of Death         Conj/Necr      100%       2d13      1%          1
d - Necrotise             Necr           100%       1d9       1%          1
e - Agony                 Necr           60%        N/A       1%          5
f - Death Channel         Necr           30%        N/A       5%          6

Your spell library contained the following spells:

 Spells                   Type           Power      Damage    Failure   Level
 Vampiric Draining        Necr           60%        2d10      1%          3
 Cigotuvi's Dreadful Rot  Necr/Pois/Air  52%        N/A       2%          2
 Momentum Strike          Conj/Tloc      38%        3d9       5%          2
 Anguish                  Hex/Necr       18%        N/A       7%          4
 Hailstorm                Conj/Ice       19%        3d6       11%         3
 Freeze                   Ice            28%        1d5       13%         1
 Summon Small Mammal      Summ           28%        N/A       13%         1
 Blink                    Tloc           14%        N/A       21%         2
 Lesser Beckoning         Tloc           14%        N/A       21%         2
 Inner Flame              Hex/Fire       12%        N/A       22%         3
 Volatile Blastmotes      Fire/Tloc      24%        2d12      22%         3
 Flame Wave               Conj/Fire      24%        2d8       22%         4
 Call Canine Familiar     Summ           7%         N/A       36%         3
 Frozen Ramparts          Ice            14%        1d3       36%         3
 Gell's Gravitas          Tloc           7%         N/A       36%         3
 Summon Guardian Golem    Hex/Summ       7%         N/A       36%         3
 Teleport Other           Tloc           7%         N/A       36%         3
 Simulacrum               Ice/Necr       18%        N/A       71%         6
 Ice Form                 Ice/Tmut       7%         N/A       78%         4
 Petrify                  Tmut/Erth      7%         N/A       78%         4
 Metabolic Englaciation   Hex/Ice        3%         N/A       98%         5
 Statue Form              Tmut/Erth      4%         N/A       100%        6


Dungeon Overview and Level Annotations

Branches:
Dungeon (11/15)            Temple (0/1) D:7            Lair (0/5) D:9
    Orc (0/2) D:10          Sewer (visited)

Altars:
Dithmenos
Kikubaaqudgha
Qazlal
Trog
Vehumet
Yredelemnul
Lugonu

Portals:
Abyss: D:3

Annotations:
D:3 1 runed translucent door
D:7 1 runed translucent door


Innate Abilities, Weirdness & Mutations

You are partially covered in large bone plates. (SH +4)
You may rarely emit foul miasma when damaged in melee.
You are mostly covered in sharp spines.
You have a tail ending in a sharp stinger.
You are somewhat resistant to further mutation.


Message History

Confirm with . or Enter, or press ? or * to list all spells.
Okay, then.
Unknown command.
Casting: Death Channel (dangerous; 5% risk of failure)
Confirm with . or Enter, or press ? or * to list all spells.
Okay, then.
Casting: Death Channel (dangerous; 5% risk of failure)
Confirm with . or Enter, or press ? or * to list all spells.
Okay, then.
Casting: Death Channel (dangerous; 5% risk of failure)
Confirm with . or Enter, or press ? or * to list all spells.
Flames lash the two-headed ogre.
The two-headed ogre is moderately wounded.
The two-headed ogre's fire resistance burns away.
Casting: Scorch (safe; 6% risk of failure)
Confirm with . or Enter, or press ? or * to list all spells.
Aiming: Agony (dangerous; 1% risk of failure)
Press: ? - help, Shift-Dir - straight line, f - two-headed ogre
Aim: a two-headed ogre, wielding a +0 giant club and a +0 dire flail (moderately wounded, more vulnerable to fire, chance to affect: 96%)
The two-headed ogre convulses!
The two-headed ogre misses you.
The two-headed ogre hits you with a +0 dire flail!!
Casting: Agony (dangerous; 1% risk of failure)
Confirm with . or Enter, or press ? or * to list all spells.
Flames lash the two-headed ogre but do no damage.
The two-headed ogre hits you with a +0 giant club!!
The two-headed ogre hits you with a +0 dire flail.
Casting: Scorch (safe; 6% risk of failure)
Confirm with . or Enter, or press ? or * to list all spells.
You conjure some foxfire!
You hit the two-headed ogre.
The two-headed ogre is severely wounded.
The foxfire hits the two-headed ogre!
The two-headed ogre is burned terribly!
The two-headed ogre is severely wounded.
The foxfire hits the two-headed ogre.
The two-headed ogre is burned terribly!
The two-headed ogre is almost dead.
The two-headed ogre hits you with a +0 giant club!!
* * * LOW HITPOINT WARNING * * *
The two-headed ogre hits you with a +0 dire flail!
You die...
Kikubaaqudgha rasps: "You have failed me!
Welcome... death!"

#.............########.....
#.............# #.....
#.............# #.....
#.(...........# #.....
#.............########.....
#........###...............
#..........................
#........ยง...............##
#.........@O...............
#...########..........####'
#...# #..........).).. #...#
#######'##....... #...#
........##....... #...#
..^.....########' #####
......).####.....
...........'..<..
........####.....


You could see a two-headed ogre (combustible).

Vanquished Creatures
  A centaur warrior (D:8)
  A boulder beetle (D:11)
  A two-headed ogre (D:11)
  A tengu warrior (D:8)
  Urug (D:11)
  Joseph (D:7)
  A gargoyle (D:11)
  3 trolls
  A hornet (D:8)
  3 wraiths
  A shadow (D:8)
  A basilisk (D:11)
  2 wyverns
  A vampire (D:9)
  Menkaure (D:4)
  2 steam dragons
  An acid dragon (D:10)
  A water moccasin (D:5)
  2 sky beasts (D:8)
  5 black bears
  2 ice beasts
  An ogre (D:6)
  2 orc warriors
  4 centaurs
  2 phantoms
  Blork the orc (D:6)
  4 kobold brigands
  4 bullfrogs
  3 scorpions
  A gnoll sergeant (D:9)
  8 wights
  17 killer bees
  2 howler monkeys (D:6)
  A jelly (D:8)
  4 orc priests
  7 hounds
  A sleepcap (D:3)
  6 iguanas
  5 orc wizards
  9 gnolls
  A river rat (Sewer)
  10 adders
  5 worms
  A dart slug (D:3)
  30 orcs
  2 ball pythons
  A bat (D:3)
  7 endoplasms
  A giant cockroach (D:1)
  5 goblins
  4 hobgoblins
  7 jackals
  15 kobolds
  5 quokkas
  3 frilled lizards
  A goblin zombie (D:3)
  8 rats
221 creatures vanquished.

Vanquished Creatures (collateral kills)
  2 orc warriors (D:10)
  2 ogres (D:10)
  3 kobold brigands (D:10)
  3 gnoll sergeants (D:10)
  A killer bee (D:11)
  A gnoll bouda (D:4)
  2 adders (D:4)
  4 gnolls
  A dart slug (D:4)
  An orc (D:10)
  A giant cockroach (D:4)
  A hobgoblin (D:4)
  A ball python (D:4)
  A foxfire (D:1)
24 creatures vanquished.

Vanquished Creatures (others)
  352 foxfires
352 creatures vanquished.

Grand Total: 597 creatures vanquished

Notes
Turn   | Place    | Note
-------+----------+-------------------------------------------
     0 | D:1      | croobank the Demonspawn Fire Elementalist began the quest
                  | for the Orb.
     0 | D:1      | Reached XP level 1. HP: 13/13 MP: 3/3
    77 | D:1      | Found a faded altar of an unknown god.
    86 | D:1      | Prayed at the altar of an unknown god.
    86 | D:1      | Became a worshipper of Kikubaaqudgha
    86 | D:1      | Reached * piety under Kikubaaqudgha
    86 | D:1      | Received a gift from Kikubaaqudgha
   407 | D:1      | Reached skill level 1 in Necromancy
   526 | D:1      | Gained mutation: You may rarely emit foul miasma when
                  | damaged in melee. [demonic ancestry]
   526 | D:1      | Reached XP level 2. HP: 19/19 MP: 0/5
   959 | D:2      | Learned a level 2 spell: Scorch
  1072 | D:2      | Reached skill level 2 in Necromancy
  1072 | D:2      | Gained mutation: You have a small tail. [demonic ancestry]
  1072 | D:2      | Reached XP level 3. HP: 24/24 MP: 5/7
  1698 | D:3      | Found a shadowy altar of Dithmenos.
  1796 | D:3      | Gained mutation: You are partially covered in sharp spines.
                  | [demonic ancestry]
  1796 | D:3      | Reached XP level 4. HP: 30/30 MP: 4/8
  1846 | D:3      | Found a large runed translucent door.
  1846 | D:3      | Found a large runed translucent door.
  1850 | D:3      | Found a corrupted altar of Lugonu.
  2020 | D:3      | Found a runed translucent door.
  2020 | D:3      | Noticed a human
  2022 | D:3      | Found a basalt altar of Yredelemnul.
  2133 | D:3      | Reached ** piety under Kikubaaqudgha
  2303 | D:3      | Reached skill level 3 in Necromancy
  2384 | D:3      | Learned a level 1 spell: Kiss of Death
  2606 | D:3      | Reached XP level 5. HP: 33/33 MP: 10/10
  2667 | D:3      | Found a one-way gate to the infinite horrors of the Abyss.
  3496 | D:4      | Found a glowing drain.
  3593 | Sewer    | Entered a sewer
  3640 | Sewer    | Reached skill level 1 in Fighting
  3763 | Sewer    | Reached XP level 6. HP: 43/43 MP: 8/11
  3835 | Sewer    | Reached *** piety under Kikubaaqudgha
  3835 | Sewer    | Received a gift from Kikubaaqudgha
  3938 | Sewer    | Reached skill level 4 in Necromancy
  4364 | Sewer    | Gained mutation: You are somewhat resistant to further
                  | mutation. [potion of mutation]
  4525 | D:4      | Gained mutation: You have a tail ending in a sharp stinger.
                  | [demonic ancestry]
  4525 | D:4      | Reached XP level 7. HP: 38/49 MP: 6/13
  5046 | D:4      | Noticed Menkaure
  5056 | D:4      | Killed Menkaure
  5146 | D:4      | Found a radiant altar of Vehumet.
  5168 | D:4      | Learned a level 1 spell: Necrotise
  5536 | D:5      | Entered Level 5 of the Dungeon
  5692 | D:5      | Reached XP level 8. HP: 49/57 MP: 5/15
  5808 | D:5      | Reached skill level 5 in Necromancy
  6098 | D:6      | Noticed Blork the orc
  6104 | D:6      | Killed Blork the orc
  6469 | D:5      | Reached skill level 5 in Spellcasting
  7371 | D:6      | Gained mutation: You are partially covered in large bone
                  | plates. (SH +4) [demonic ancestry]
  7371 | D:6      | Reached XP level 9. HP: 64/65 MP: 3/17
  7608 | D:6      | Found a stormy altar of Qazlal.
  7803 | D:6      | Reached skill level 13 in Necromancy
  7803 | D:6      | Gained mutation: You are mostly covered in sharp spines.
                  | [demonic ancestry]
  7803 | D:6      | Reached XP level 10. HP: 72/72 MP: 18/18
  8102 | D:6      | Found a bloodstained altar of Trog.
  8728 | D:7      | Reached **** piety under Kikubaaqudgha
  9085 | D:7      | Noticed Joseph
  9094 | D:7      | Killed Joseph
  9411 | D:7      | Found a staircase to the Ecumenical Temple.
  9611 | D:7      | Noticed a sixfirhy
  9612 | D:7      | Found a runed translucent door.
  9634 | D:7      | Reached skill level 5 in Stealth
 10544 | D:8      | Reached skill level 5 in Conjurations
 10675 | D:8      | Paralysed by a hornet for 1 turns
 10677 | D:8      | Reached skill level 1 in Armour
 11157 | D:8      | Noticed a tengu warrior
 11164 | D:8      | Learned a level 5 spell: Agony
 11167 | D:8      | Killed a tengu warrior
 11168 | D:8      | Reached skill level 14 in Necromancy
 11175 | D:8      | Noticed a centaur warrior
 11177 | D:8      | Reached skill level 5 in Dodging
 11184 | D:8      | Killed a centaur warrior
 11185 | D:8      | Reached skill level 5 in Fighting
 11427 | D:9      | Reached XP level 11. HP: 79/79 MP: 18/20
 11856 | D:9      | Found a staircase to the Lair.
 12426 | D:9      | Learned a level 6 spell: Death Channel
 12643 | D:10     | Entered Level 10 of the Dungeon
 12663 | D:10     | Found a staircase to the Orcish Mines.
 13252 | D:10     | Identified the +3 scale mail of Otsir {rElec Int+6 Dex-3
                  | Stlth+}
 13968 | D:11     | Noticed a two-headed ogre
 13969 | D:11     | Noticed Urug
 14264 | D:11     | Killed Urug
 14521 | D:11     | Killed a two-headed ogre
 14685 | D:11     | Noticed a boulder beetle
 14825 | D:11     | Noticed a centaur warrior
 14825 | D:11     | Noticed a two-headed ogre
 15379 | D:11     | Killed a boulder beetle
 15685 | D:11     | Slain by a two-headed ogre

Illustrated notes

Levels and vault maps discovered:
D:1:      amcnicky_arrival_gap_in_the_tavern_cellar, layout_basic,
          ebering_ecumenical_altar_rust, serial_park_tiny_2
D:2:      layout_basic, lightli_corner_chamber
D:3:      due_chaos_kobolds, layout_basic, dk_yredelemnul_ordeal,
          lemuel_doored_altar, kennysheep_generic_room_2
D:4:      cheibrodos_quashed, layout_basic, vehumet_crystals,
          portal_sewer_entry_b, minmay_bisected, uniq_menkaure
D:5:      layout_loops_corners, st_stairs_1, hangedman_decor_lopped,
          minmay_holes
D:6:      layout_layer_cave, trog_book, kennysheep_mini_moat, water_maze_lemuel,
          uniq_blork_the_orc
D:7:      cheibrodos_shockbox, layout_basic, minmay_temple_entry_waves,
          uniq_joseph
D:8:      layout_basic, elyvilon_altar_4, minmay_three_doors
D:9:      layout_loops_corners, lair_entry_dummy
D:10:     layout_roguey, kennysheep_orc_monster_closet_entryway
D:11:     layout_basic, minivault_16, uniq_urug

Skill      XL: |  1  2  3  4  5  6  7  8  9 10 11 |
---------------+----------------------------------+-----
Necromancy     | 1 2 3 4 5 13 14 | 14.4
Spellcasting   | 3 4 5 6 7 |  7.2
Dodging        | 2 3 4 5 6 |  6.0
Stealth        | 2 3 4 5 6 |  6.2
Fighting       | 1 2 4 5 |  5.8
Conjurations   | 2 3 4 5 6 |  6.1
Armour         | 1 3 |  3.0
Fire Magic     | |  2.6

Action                     |  1- 3 |  4- 6 |  7- 9 | 10-12 || total
---------------------------+-------+-------+-------+-------++-------
  Melee: Club              |    14 |       |       |       ||    14
         Dagger            |       |    24 |    49 |    95 ||   168
         Tailslap          |       |     5 |     8 |    21 ||    34
         Punch             |       |       |     1 |       ||     1
         Staff             |       |       |       |    10 ||    10
   Cast: Foxfire           |    28 |    47 |    49 |    72 ||   196
         Scorch            |     6 |    41 |    36 |   139 ||   222
         Kiss of Death     |       |     1 |       |     2 ||     3
         Necrotise         |       |       |    51 |    48 ||    99
         Agony             |       |       |       |     8 ||     8
         Death Channel     |       |       |       |     9 ||     9
  Evoke: Box of beasts     |       |       |       |     1 ||     1
    Use: Scroll            |       |     9 |     2 |     9 ||    20
         Potion            |       |     9 |     1 |     7 ||    17
   Stab: Sleeping          |     1 |       |     4 |     4 ||     9
         Distracted        |       |       |       |     1 ||     1
 Armour: Robe              |     5 |     3 |     6 |     1 ||    15
         Leather armour    |       |       |       |    28 ||    28
         Troll leather arm |       |       |       |    12 ||    12
  Dodge: Dodged            |    14 |    17 |    67 |   157 ||   255
  Block: Other             |       |       |     2 |    34 ||    36
